 Dungeon Crawl Stone Soup version 0.31-a0-339-gda1cbd555d (webtiles) character file.

Game seed: 15108914779885086895

48495 Newt the Fencer (level 14, -1/97 HPs)
             Began as a Merfolk Fighter on July 20, 2023.
             Was the Champion of Hepliaklqana.
             Slain by a blink frog (14 damage)
             ... on level 5 of the Lair of Beasts.
             The game lasted 00:20:58 (16541 turns).

Newt the Fencer (Merfolk Fighter)                  Turns: 16541, Time: 00:20:59

Health: -1/97      AC: 16    Str: 16    XL:     14   Next: 46%
Magic:  20/20      EV: 21    Int:  7    God:    Hepliaklqana [******]
Gold:   461        SH:  8    Dex: 19    Spells: 13/13 levels left

rFire   + . .        A - +9 long sword (freeze)
rCold   . . .        c - +1 buckler
rNeg    . . .        r - +3 leather armour
rPois   .            (no helmet)
rElec   +            z - +0 cloak
rCorr   .            q - +2 pair of gloves of Elyvilon's Generosity {rElec}
SInv    .            N - +0 pair of boots
Will    +....        t - amulet of the acrobat
Stlth   +            h - ring of protection from fire
HPRegen 0.36/turn    T - +4 ring of protection
MPRegen 0.17/turn

%: acrobat
@: lethally poisoned (-1 -> -4)
A: reduced essence, (nimble swimmer 2), mertail
a: Renounce Religion, Recall Ancestor, Ancestor Identity, Transference, Idealise


You were on level 5 of the Lair of Beasts.
You worshipped Hepliaklqana.
Hepliaklqana was exalted by your worship.
You visited 2 branches of the dungeon, and saw 16 of its levels.

You collected 883 gold pieces.
You spent 422 gold pieces at shops.

Inventory:

Hand Weapons
 a - a +0 long sword
 l - a +1 rapier of speed
 A - a +9 long sword of freezing (weapon)
 B - a +3 falchion
 J - a +4 short sword
 M - the +6 great sword of the Yoke {freeze, Str+3}
   (You found it on level 9 of the Dungeon)

   Str:       It affects your strength (+3).
Missiles
 n - 13 poisoned darts
 y - 8 boomerangs (quivered)
 K - 6 javelins
Armour
 b - a +0 scale mail
 c - a +1 buckler (worn)
 i - a scarf of harm
 q - the +2 pair of gloves of Elyvilon's Generosity (worn) {rElec}
   (You found it on level 3 of the Dungeon)

   rElec:     It insulates you from electricity.
 r - a +3 leather armour (worn)
 z - a +0 cloak (worn)
 N - a +0 pair of boots (worn)
Jewellery
 h - a ring of protection from fire (left hand)
 t - an amulet of the acrobat (around neck)
 C - a +6 ring of intelligence
 H - an amulet of magic regeneration
 T - a +4 ring of protection (right hand)
 X - a ring of fire
Wands
 j - a wand of roots (22)
 s - a wand of paralysis (24)
 x - a wand of flame (21)
 E - a wand of mindburst (17)
 F - a wand of polymorph (13)
 O - a wand of digging (6)
Scrolls
 m - 2 scrolls of teleportation
 p - 4 scrolls of fear
 u - 3 scrolls of amnesia
 w - 2 scrolls of fog
 G - 5 scrolls of immolation
 L - 4 scrolls of enchant armour
 P - 2 scrolls of vulnerability
 Q - 2 scrolls of poison
 R - a scroll of identify
 V - a scroll of noise
 W - a scroll of brand weapon
 Y - a scroll of enchant weapon
Potions
 d - 2 potions of might
 e - 4 potions of lignification
 f - 5 potions of degeneration
 g - 3 potions of berserk rage
 k - 2 potions of attraction
 o - 2 potions of brilliance
 v - 4 potions of curing
 D - a potion of magic
 S - a potion of resistance
 U - a potion of cancellation


   Skills:
 - Level 9.0 Fighting
 - Level 20.0 Long Blades
 - Level 4.0 Throwing
 + Level 5.1 Armour
 - Level 14.0 Dodging
 - Level 10.0 Shields
 - Level 9.0 Invocations
 - Level 6.0 Evocations


You had 13 spell levels left.
You didn't know any spells.
Your spell library contained the following spells:

 Spells                   Type           Power      Damage    Failure   Level
 Apportation              Tloc           0%         N/A       56%         1
 Sandblast                Erth           0%         2d4       56%         1
 Shock                    Conj/Air       0%         1d3       56%         1
 Passwall                 Tmut/Erth      0%         N/A       71%         2
 Sublimation of Blood     Necr           0%         N/A       71%         2
 Frozen Ramparts          Ice            0%         1d1       90%         3
 Inner Flame              Hex/Fire       0%         N/A       90%         3
 Stone Arrow              Conj/Erth      0%         3d7       90%         3
 Swiftness                Air            0%         N/A       90%         3
 Airstrike                Air            0%         2d(0-16)  100%        4
 Cause Fear               Hex            0%         N/A       100%        4
 Flame Wave               Conj/Fire      0%         2d4       100%        4
 Passage of Golubria      Tloc           0%         N/A       100%        4
 Petrify                  Tmut/Erth      0%         N/A       100%        4
 Sticky Flame             Conj/Fire      0%         2d3       100%        4
 Alistair's Intoxication  Tmut/Pois      0%         N/A       100%        5
 Fireball                 Conj/Fire      0%         3d3       100%        5
 Irradiate                Conj/Tmut      0%         3d11      100%        5
 Metabolic Englaciation   Hex/Ice        0%         N/A       100%        5
 Silence                  Hex/Air        0%         N/A       100%        5
 Lehudib's Crystal Spear  Conj/Erth      0%         10d2      100%        8
 Dragon's Call            Summ           0%         N/A       100%        9


Dungeon Overview and Level Annotations

Branches:
Dungeon (11/15)            Temple (0/1) D:4            Lair (5/5) D:11
 Shoals (0/4) Lair:3       Spider (0/4) Lair:2        Slime (0/5) Lair:5
    Orc (0/2) D:10

Altars:
Ashenzari
Cheibriados
Fedhas
Gozag
Hepliaklqana
Nemelex Xobeh
Okawaru
Qazlal
Ru
Trog
Uskayaw
Vehumet
Yredelemnul
Zin
The Shining One

Shops:
D:5 *   D:6 ***   D:11 ?


Innate Abilities, Weirdness & Mutations

Your life essence is reduced to manifest your ancestor. (-10% HP)
((You are very nimble when in or above water. (Stealth+, EV+, Speed+++)))
Your lower body shifts to a powerful aquatic tail in water.


Message History

The cane toad stings you!
* * * LOW HITPOINT WARNING * * *
You are poisoned.
The cane toad poisons you!
You slash the goliath frog! You freeze the goliath frog.
You kill the goliath frog!
You feel very sick.
The blink frog blinks!
You block the cane toad's attack.
Your Armour skill increases to level 5!
Unknown command.
You slice the cane toad!!
The cane toad seems to slow down.
You freeze the cane toad!
You kill the cane toad!
You feel sick.
Unknown command.
You feel very sick.
You feel sick.
Ingiyab points at the blink frog and mumbles some strange words.
The blink frog seems to slow down.
The blink frog blinks!
You are too injured to fight recklessly!
You are too injured to fight recklessly!
You are too injured to fight recklessly!
You slash the cane toad! You freeze the cane toad.
The cane toad is moderately wounded.
You feel sick. You block the cane toad's attack.
You hit the cane toad but do no damage.
The cane toad is moderately wounded.
You feel sick.
A blink frog comes into view.
Ingiyab barely misses the cane toad.
The blink frog gives a loud, deep croak!
You slash the cane toad! You freeze the cane toad.
The cane toad is severely wounded.
You feel sick. You block the cane toad's attack.
Ingiyab gestures at the blink frog while chanting.
The cane toad appears confused.
You hit the cane toad but do no damage.
The cane toad is severely wounded.
You feel sick. The cane toad misses you. The blink frog hits you!
You die...

*,~~~,,,,............*
*,~~~~,,............#*
*~~~~~,,............##
,~~~~~,~~..F.........#
,~~~~~~..............##
~~~~~~~...............#
~~~~~~~.P~...........#*
~~~~*~P~.......†.....#
~~~**~≈~~.......@F..##
~*****~~..b...†.F....##
~~**~~~~P......R......#
~~*~~~~P.~...........##
~~*~~~~~.#............#
~~~~~~~,,#..........###
~~~~,~~~,#..........#
~,~~~~~~##..........##
~~~~~~~,#.......<....#


You could see the friendly Ingiyab the hexer, a cane toad (confused) and 2 blink
frogs.

Vanquished Creatures
  Josephine (Lair:4)
  A catoblepas (Lair:5)
  A two-headed ogre (D:11)
  6 death yaks (Lair:4)
  A goliath frog (Lair:5)
  A cyclops (D:11)
  A manticore (D:11)
  18 elephants
  2 black mambas
  14 cane toads
  2 rime drakes
  5 komodo dragons
  A troll (D:11)
  A polar bear (Lair:3)
  A meliai (Lair:2)
  2 tyrant leeches
  A hornet (D:8)
  15 blink frogs
  A snapping turtle (Lair:3)
  44 yaks
  6 wyverns
  A shadow (D:11)
  Sigmund (D:6)
  3 wraiths (Lair:4)
  9 vampire mosquitoes
  4 basilisks
  A steam dragon (Lair:3)
  An acid dragon (D:11)
  14 water moccasins
  2 black bears (D:7)
  6 orc warriors
  3 ogres
  25 wolves
  A centaur (D:9)
  2 phantoms
  18 bullfrogs
  A scorpion (D:5)
  11 wights
  Dowan (D:6)
  6 killer bees
  6 howler monkeys
  An electric eel (D:10)
  6 crimson imps (D:8)
  5 hounds
  5 orc priests
  3 jellies (D:5)
  3 iguanas
  A sleepcap (D:6)
  4 orc wizards
  4 adders
  A shadow imp (D:6)
  4 white imps
  An ufetubus (D:6)
  4 worms
  21 orcs
  3 endoplasms
  3 giant cockroaches
  4 hobgoblins
  2 jackals (D:5)
  3 quokkas
  5 ball pythons
  A bat (D:1)
  A frilled lizard (D:2)
  3 goblins
  2 kobolds
  6 rats
337 creatures vanquished.

Vanquished Creatures (collateral kills)
  Nessos (Lair:4)
  2 hydras
  2 skysharks
  A black mamba (Lair:3)
  4 elephants
  A cane toad (Lair:4)
  A hornet (D:10)
  A blink frog (Lair:3)
  A wraith (Lair:4)
  A wyvern (D:10)
  3 yaks
  3 steam dragons
  A basilisk (D:11)
  Duvessa (D:6)
  2 water moccasins
  A sky beast (D:8)
  3 wolves
  A wight (D:6)
  5 killer bees
  3 orc wizards
  2 adders (Lair:1)
  A shadow imp (D:8)
  2 white imps
  5 orcs
  2 jackals (D:5)
  2 butterflies (Lair:4)
52 creatures vanquished.

Vanquished Creatures (others)
  7 hexers
  4 ancestors
11 creatures vanquished.

Grand Total: 400 creatures vanquished

Notes
Turn   | Place    | Note
-------+----------+-------------------------------------------
     0 | D:1      | Newt the Merfolk Fighter began the quest for the Orb.
     0 | D:1      | Reached XP level 1. HP: 18/18 MP: 1/1
     3 | D:1      | Noticed an electric eel
     4 | D:1      | Noticed an electric eel
   785 | D:2      | Reached XP level 2. HP: 25/25 MP: 2/2
   890 | D:2      | Found a bloodstained altar of Trog.
   908 | D:2      | Reached skill level 3 in Long Blades
   945 | D:2      | Found a faded altar of an unknown god.
  1584 | D:3      | Reached XP level 3. HP: 26/30 MP: 3/3
  1637 | D:3      | Found a hazy altar of Hepliaklqana.
  1656 | D:3      | Became a worshipper of Hepliaklqana the Forgotten
  1716 | D:3      | Identified the +2 pair of gloves of Elyvilon's Generosity
                  | {rElec}
  1960 | D:3      | Reached skill level 4 in Long Blades
  2164 | D:4      | Reached skill level 1 in Dodging
  2222 | D:4      | Reached XP level 4. HP: 29/37 MP: 4/4
  2279 | D:4      | Reached * piety under Hepliaklqana
  2308 | D:4      | Found a stormy altar of Qazlal.
  2387 | D:4      | Found a staircase to the Ecumenical Temple.
  2408 | D:4      | Noticed a phantom
  2410 | D:4      | Noticed an ogre
  2440 | D:4      | Killed an ogre
  2441 | D:4      | Reached XP level 5. HP: 21/38 MP: 5/5
  2449 | D:4      | Killed a phantom
  2450 | D:4      | Reached skill level 5 in Fighting
  2466 | D:4      | Reached XP level 6. HP: 15/45 MP: 6/6
  2830 | D:4      | Found a glowing golden altar of the Shining One.
  3020 | D:4      | Found a radiant altar of Vehumet.
  3390 | D:5      | Entered Level 5 of the Dungeon
  3408 | D:5      | Found Daenetar's Gadget Gallery.
  3601 | D:5      | Identified a scroll of acquirement
  3601 | D:5      | Acquired a manual of Long Blades
  3610 | D:5      | Reached skill level 5 in Long Blades
  3708 | D:5      | Reached skill level 6 in Long Blades
  3708 | D:5      | Reached skill level 1 in Throwing
  3708 | D:5      | Reached XP level 7. HP: 21/52 MP: 7/7
  3964 | D:5      | Found an opulent altar of Gozag.
  4070 | D:5      | You fall into a shaft and drop 3 floors!
  4162 | D:8      | Reached skill level 7 in Long Blades
  4162 | D:8      | Reached XP level 8. HP: 35/57 MP: 8/8
  4178 | D:8      | Reached skill level 8 in Long Blades
  4292 | D:8      | Noticed a yak
  4293 | D:8      | Noticed a yak
  4293 | D:8      | Noticed a yak
  4293 | D:8      | Noticed a yak
  4293 | D:8      | Noticed a yak
  4296 | D:8      | Noticed a yak
  4301 | D:8      | Killed a yak
  4302 | D:8      | Reached skill level 9 in Long Blades
  4311 | D:8      | Killed a yak
  4312 | D:8      | Reached skill level 10 in Long Blades
  4313 | D:8      | Killed a yak
  4314 | D:8      | Reached skill level 11 in Long Blades
  4320 | D:8      | Killed a yak
  4321 | D:8      | Reached skill level 12 in Long Blades
  4322 | D:8      | HP: 4/85 [yak (10)]
  4329 | D:8      | Killed a yak
  4330 | D:8      | Reached skill level 13 in Long Blades
  4330 | D:8      | Reached XP level 9. HP: 10/62 MP: 9/9
  4337 | D:8      | Reached skill level 14 in Long Blades
  4396 | D:8      | Reached skill level 5 in Dodging
  4685 | D:8      | Reached ** piety under Hepliaklqana
  4686 | D:8      | Remembered your ancestor Ingiyab as a hexer
  4864 | D:8      | Noticed a hornet
  4874 | D:8      | Killed a hornet
  5375 | D:8      | Noticed a moth of wrath
  5378 | D:8      | Found a bloodstained altar of Trog.
  5544 | D:7      | Found a snail-covered altar of Cheibriados.
  5782 | D:7      | Found a sacrificial altar of Ru.
  5813 | D:7      | Reached *** piety under Hepliaklqana
  6069 | D:7      | Reached skill level 5 in Shields
  6203 | D:6      | Noticed Duvessa
  6203 | D:6      | Noticed Dowan
  6209 | D:6      | Killed Duvessa
  6210 | D:6      | Reached XP level 10. HP: 59/68 MP: 10/10
  6211 | D:6      | Killed Dowan
  6260 | D:6      | Found Jarurocwe's Assorted Antiques.
  6288 | D:6      | Bought a scroll of enchant weapon for 165 gold pieces
  6288 | D:6      | Bought a triangular steel amulet for 110 gold pieces
  6330 | D:6      | Found Ama Adit's Assorted Antiques.
  6335 | D:6      | Bought a scroll of identify for 38 gold pieces
  6335 | D:6      | Bought a scroll labelled FAETAU ZOTAAMA for 19 gold pieces
  6344 | D:6      | Found a blossoming altar of Fedhas.
  6391 | D:6      | Found Poedwoub's Assorted Antiques.
  6499 | D:6      | Noticed Sigmund
  6508 | D:6      | Killed Sigmund
  7347 | D:5      | Found a sparkling altar of Nemelex Xobeh.
  7545 | D:9      | Reached skill level 15 in Long Blades
  7647 | D:9      | Identified the +6 great sword of the Yoke {freeze, Str+3}
  7698 | D:9      | Reached **** piety under Hepliaklqana
  7873 | D:9      | Reached skill level 16 in Long Blades
  7884 | D:9      | Reached XP level 11. HP: 80/80 MP: 11/11
  7886 | D:9      | Found a glowing silver altar of Zin.
  8211 | D:10     | Entered Level 10 of the Dungeon
  8221 | D:10     | Found a broken altar of Ashenzari.
  8236 | D:10     | Found a staircase to the Orcish Mines.
  8427 | D:10     | Reached skill level 17 in Long Blades
  8544 | D:10     | Found an iron altar of Okawaru.
  8585 | D:10     | Found a basalt altar of Yredelemnul.
  8674 | D:10     | Found a hide-covered altar of Uskayaw.
  9276 | D:11     | Noticed a two-headed ogre
  9277 | D:11     | Noticed a manticore
  9282 | D:11     | Noticed a cyclops
  9285 | D:11     | Killed a two-headed ogre
  9289 | D:11     | Killed a manticore
  9290 | D:11     | Reached skill level 18 in Long Blades
  9298 | D:11     | Killed a cyclops
  9638 | D:11     | Found Ofoff's Magic Scroll Emporium.
  9641 | D:11     | Bought a scroll of enchant weapon for 90 gold pieces
 10091 | D:11     | Reached skill level 19 in Long Blades
 10566 | D:11     | Found a staircase to the Lair.
 10854 | Lair:1   | Entered Level 1 of the Lair of Beasts
 10876 | Lair:1   | Reached XP level 12. HP: 81/85 MP: 12/12
 11153 | Lair:1   | Reached skill level 20 in Long Blades
 11153 | Lair:1   | Reached skill level 1 in Evocations
 11177 | Lair:1   | Reached ***** piety under Hepliaklqana
 11399 | Lair:1   | Reached skill level 5 in Evocations
 12191 | Lair:2   | Noticed a five-headed hydra
 12198 | Lair:2   | Killed an eight-headed hydra
 12199 | Lair:2   | Reached skill level 10 in Dodging
 13036 | Lair:2   | Found a hole to the Spider Nest.
 13051 | Lair:2   | Reached XP level 13. HP: 89/90 MP: 13/13
 13317 | Lair:3   | Reached skill level 1 in Invocations
 13859 | Lair:3   | Reached skill level 5 in Invocations
 14459 | Lair:3   | Found a staircase to the Shoals.
 15019 | Lair:4   | Noticed Josephine
 15026 | Lair:4   | Killed Josephine
 15062 | Lair:4   | Reached ****** piety under Hepliaklqana
 15099 | Lair:4   | Reached XP level 14. HP: 83/97 MP: 20/20
 15646 | Lair:5   | Entered Level 5 of the Lair of Beasts
 15679 | Lair:5   | Noticed Nessos
 15714 | Lair:4   | Reached skill level 10 in Shields
 16247 | Lair:4   | Killed Nessos
 16535 | Lair:5   | Reached skill level 5 in Armour
 16541 | Lair:5   | Slain by a blink frog

Illustrated notes

Levels and vault maps discovered:
D:1:      arrival_aquarium_b, layout_basic, kennysheep_boxes
D:2:      layout_rooms, basic_altar, shapermc_ecumenical_altar_totnotflames,
          serial_curves, eino_curves_01, eino_curves_03, eino_curves_04,
          eino_curves_01, kennysheep_pointless_box
D:3:      layout_rooms, mainiacjoe_overflow_chevrons
D:4:      layout_layer_cave, lemuel_coloured_pillars_altar,
          nicolae_tso_carved_into_rock, nicolae_qazlal_general_emergency,
          minmay_temple_entry_metal_lava, minmay_ruptured
D:5:      layout_loops_ring, grunt_gozag_breadcrumbs,
          nemelex_diamond_rough_becter, supply_closet_lemuel,
          nicolae_shop_gadgets
D:6:      layout_basic, mainiacjoe_overflow_alcove_1, serial_shops,
          nicolae_shop_hallway_plus, shop, nicolae_shop_back_alley_shop,
          uniq_sigmund, uniq_duvessa
D:7:      layout_loops_cross, amcnicky_altar_gilded, nicolae_ru_awakened_eye
D:8:      layout_basic, tgw_trog, minmay_nine_imps
D:9:      layout_loops_ring, nicolae_overflow_hidden_temple, serial_bayou_pond_c
D:10:     layout_loops_corners, nicolae_ashenzari_panopticon,
          nicolae_overflow_squiral, mainiacjoe_overflow_paths
D:11:     layout_irregular_city, erik_lair_dragon, serial_shops,
          kennysheep_mini_moat
Lair:1:   beast_lair_carwin_large_1, layout_small_grid,
          cheibrodos_lair_reptile_den
Lair:2:   layout_regular_city, hellmonk_spider_entry_not_the_bees
Lair:3:   layout_roguey, minmay_shoals_entry_hut, grunt_megastairs_2
Lair:4:   layout_cave_pods, minmay_holes, grunt_megastairs_3,
          serial_bayou_shore_b, lemuel_fruit_fields, uniq_josephine
Lair:5:   minmay_lair_end_frog_pond, layout_regular_city,
          nicolae_slime_entry_slimehenge, gauntlet_entry_generic, uniq_nessos

Skill      XL: |  1  2  3  4  5  6  7  8  9 10 11 12 13 14 |
---------------+-------------------------------------------+-----
Fighting       | 4 5 6 9 |  9.0
Long Blades    | 3 4 6 7 13 14 16 19 20 | 20.0
Dodging        | 2 4 9 12 14 | 14.0
Throwing       | 1 4 |  4.0
Armour         | 3 5 |  5.1
Shields        | 5 6 8 10 | 10.0
Evocations     | 6 |  6.0
Invocations    | 9 |  9.0

Action                     |  1- 3 |  4- 6 |  7- 9 | 10-12 | 13-15 || total
---------------------------+-------+-------+-------+-------+-------++-------
  Melee: Long sword        |    56 |       |   119 |   509 |   426 ||  1110
         Rapier            |    29 |   118 |    46 |       |       ||   193
         Tailslap          |     3 |       |       |     3 |       ||     6
         Short sword       |       |       |       |       |    11 ||    11
  Throw: Dart              |       |     8 |       |     4 |       ||    12
         Boomerang         |       |       |    12 |       |       ||    12
 Invoke: Recall Ancestor   |       |       |     1 |     2 |     1 ||     4
         Ancestor Life: He |       |       |     1 |       |       ||     1
  Evoke: Wand              |       |       |     6 |       |       ||     6
    Use: Scroll            |     6 |     2 |     4 |    13 |     2 ||    27
         Potion            |       |       |     6 |       |     2 ||     8
   Stab: Distracted        |       |       |     2 |     7 |     7 ||    16
         Paralysed         |       |       |     4 |       |       ||     4
         Confused          |       |       |     2 |    27 |    10 ||    39
         Sleeping          |       |       |       |     1 |       ||     1
 Armour: Scale mail        |    18 |    39 |    28 |       |       ||    85
         Skin              |       |       |     4 |       |       ||     4
         Leather armour    |       |       |       |    85 |    83 ||   168
  Dodge: Dodged            |    27 |    40 |    55 |   292 |   393 ||   807
  Block: Buckler           |    16 |    19 |    28 |   133 |   189 ||   385

Table legend: (Time is in decaauts)
 A = Elapsed time spent in this place.
 B = Non-inter-level travel time spent in this place.
 C = Inter-level travel time spent in this place.
 D = Time resting spent in this place.
 E = Time spent auto-exploring this place.
 F = Levels seen in this place.
 G = Mean time per level.
                   A        B        C        D        E       F      G
               +--------+--------+--------+--------+--------+-----+--------+
         Total |  16194 |  15432 |    762 |   2454 |  10780 |  16 | 1012.1 |
       Dungeon |  10684 |  10147 |    537 |   1570 |   7317 |  11 |  971.3 |
          Lair |   5509 |   5285 |    224 |    884 |   3463 |   5 | 1101.8 |
               +--------+--------+--------+--------+--------+-----+--------+

Top non-repeatable levels by time:
  Lair:4: 1621 daAuts
    D:11: 1595 daAuts
     D:8: 1441 daAuts
  Lair:3: 1433 daAuts
  Lair:1: 1231 daAuts
     D:4: 1222 daAuts
     D:5: 1100 daAuts
  Lair:2: 1092 daAuts
    D:10: 998 daAuts
     D:2: 886 daAuts
     D:6: 788 daAuts
     D:9: 716 daAuts
     D:1: 688 daAuts
     D:7: 672 daAuts
     D:3: 573 daAuts
